Map: Blackrock LE

Players

GeeoInwza

  • Race: Protoss Protoss
  • League: Silver

normy - Winner!

  • Race: Terran Terran

VOD

Have the link to the VOD?

Description

Time

  • Played on: Sept. 21, 2026, 2:01 p.m.
  • Length: 6:43
Show
View Real Time Build Order
Export as new Build Order

GeeoInwza Protoss 

Build Orders:  

Get SALT Encoding   

  8  0:00  Probe  
  9  0:13  Probe (Chrono Boost)  
  10  0:23  Probe (Chrono Boost)  
  11  0:31  Pylon  
  11  0:35  Probe  
  12  0:47  Probe  
  13  0:59  Probe  
  14  1:11  Probe  
  14  1:13  Gateway  
  15  1:19  Assimilator  
  15  1:24  Probe (Chrono Boost)  
  16  1:36  Probe (Chrono Boost)  
  17  1:45  Probe  
  18  1:57  Probe  
  19  2:09  Probe (Chrono Boost)  
  19  2:10  Nexus  
  20  2:17  Pylon  
  21  2:23  Probe (Chrono Boost)  
  21  2:32  Cybernetics Core  
  21  2:34  Probe  
  22  2:39  Assimilator  
  22  2:47  Probe  
  22  2:48  Pylon  
  23  2:59  Probe  
  23  3:00  Zealot (Chrono Boost)  
  24  3:14  Probe  
  22  3:28  Probe (Chrono Boost)  
  22  3:31  Probe (Chrono Boost)  
  22  3:36  Warp Gate  
  24  3:41  Probe (Chrono Boost)  
  24  3:42  Probe (Chrono Boost)  
  24  3:46  Probe (Chrono Boost)  
  25  3:50  Probe  
  24  3:58  Probe  
  24  4:02  Probe  
  26  4:06  Adept  
  28  4:10  Probe  
  28  4:14  Probe  
  30  4:22  Probe  
  31  4:34  Probe  
  31  4:36  Robotics Facility  
  32  4:40  Stalker (Chrono Boost)  
  34  4:46  Probe  
  35  4:56  Pylon  
  35  4:58  Probe  
  36  5:05  Gateway  
  36  5:07  Gateway  
  36  5:10  Probe  
  37  5:20  Shield Battery  
  37  5:22  Probe  
  37  5:23  Observer  
  39  5:30  Shield Battery  
  39  5:34  Probe  
  40  5:40  Robotics Bay  
  40  5:41  Observer  
  41  5:46  Assimilator, Probe  
  41  5:48  Assimilator, Pylon  
  42  5:53  Sentry  
  44  5:59  Probe  
  45  6:06  Stalker  
  45  6:11  Probe  
  39  6:19  Stalker  
  39  6:23  Probe  
  39  6:25  Pylon  
  36  6:27  Pylon  
Show
View Real Time Build Order
Export as new Build Order

normy Terran - Winner!

Build Orders: Reaper Expand 

Get SALT Encoding   

  8  0:00  SCV  
  9  0:12  SCV  
  10  0:24  SCV  
  10  0:28  Supply Depot  
  11  0:36  SCV  
  12  0:57  Barracks  
  12  0:58  Refinery  
  12  1:11  SCV  
  13  1:23  SCV  
  14  1:35  SCV  
  15  1:45  Reaper  
  16  1:47  SCV  
  17  1:59  Orbital Command  
  17  2:14  Command Center  
  17  2:19  Marine  
  18  2:32  Factory  
  18  2:36  Refinery  
  18  2:47  Supply Depot  
  18  2:50  Barracks Reactor  
  18  2:52  SCV  
  19  3:04  SCV  
  20  3:31  Marine x2  
  20  3:32  Factory Tech Lab  
  22  3:37  Orbital Command  
  22  3:39  SCV  
  22  3:40  Starport  
  23  3:49  Marine  
  23  3:51  SCV  
  25  3:58  Barracks  
  25  4:11  Factory Reactor  
  25  4:14  SCV  
  25  4:15  SCV  
  27  4:18  Liberator  
  27  4:23  Barracks  
  31  4:31  SCV x2  
  32  4:43  SCV x2  
  34  4:54  Concussive Shells  
  34  4:55  SCV x2  
  34  4:56  Marauder  
  34  4:58  Marine x2  
  40  5:07  Supply Depot, SCV x2  
  40  5:12  Command Center  
  42  5:15  Barracks Tech Lab  
  42  5:19  Engineering Bay  
  44  5:28  SCV x2  
  44  5:32  Marauder, Marine x2  
  48  5:35  Medivac  
  44  6:24  Marine x2  
  51  6:26  SCV x2  
  53  6:37  Engineering Bay  
  53  6:39  Armory  
Tags
 
Add a new tag
Caveats
  • Supply blocks, unpowered buildings, or Contaminate may cause inaccurate times.
  • Supply counts are checked every 10 seconds.